 Dungeon Crawl Stone Soup version 0.24-a0-549-g45f0056d81 (webtiles) character file.

Game seed: 16338158891594435559

795 Flugkiller the Ducker (level 7, 0/48 HPs)
             Began as an Octopode Wanderer on Aug 18, 2019.
             Was a Believer of Makhleb.
             Slain by an ogre
             ... wielding a +0 giant club
              (27 damage)
             ... on level 5 of the Dungeon.
             The game lasted 00:07:57 (5498 turns).

Flugkiller the Ducker (Octopode Wanderer)           Turns: 5498, Time: 00:07:58

Health: 0/48       AC:  1    Str: 11    XL:     7   Next: 89%
Magic:  9/9        EV: 16    Int: 16    God:    Makhleb [**....]
Gold:   221        SH:  0    Dex: 12    Spells: 6/6 levels left

rFire    . . .     SeeInvis .   a - +3 short sword
rCold    . . .     Gourm    .   (no shield)
rNeg     . . .     Faith    .   (helmet restricted)
rPois    .         Spirit   .   (no amulet)
rElec    .         Reflect  .   (no ring)
rCorr    .         Harm     .   (no ring)
MR       .....                  (no ring)
Stlth    +++++.....             (no ring)
HPRegen  0.16/turn              (no ring)
MPRegen  0.11/turn              (no ring)
                                (no ring)
                                (no ring)

@: no status effects
A: almost no armour, stealthy swim, amphibious, 8 rings, constrict 8, camouflage
1, gelatinous body 1
a: Minor Destruction, Renounce Religion


You were on level 5 of the Dungeon.
You worshipped Makhleb.
Makhleb was pleased with you.
You were not hungry.

You visited 2 branches of the dungeon, and saw 6 of its levels.

You collected 221 gold pieces.

Inventory:

Hand Weapons
 a - a +3 short sword (weapon)
 y - a cursed +0 dagger
   (You found it on level 5 of the Dungeon)
Armour
 t - a +0 large shield
   (You found it on level 2 of the Dungeon)
Wands
 v - a wand of flame (19)
   (You found it on level 3 of the Dungeon)
Scrolls
 b - 3 scrolls of teleportation
 f - 4 scrolls of identify {unknown}
 h - a scroll of fear {unknown}
 j - 2 scrolls of amnesia {unknown}
 l - a scroll of random uselessness {unknown}
 m - 2 scrolls of enchant weapon
 n - a scroll of enchant armour {unknown}
 o - a scroll of remove curse {unknown}
 q - 2 scrolls of magic mapping {unknown}
 u - a scroll of fog {unknown}
 w - 2 scrolls of blinking {unknown}
Potions
 c - a potion of ambrosia {unknown}
 e - 2 potions of cancellation {unknown}
 g - 5 potions of curing {unknown}
 i - a potion of magic {unknown}
 k - a potion of resistance {unknown}
 p - a potion of mutation {unknown}
 r - 2 potions of brilliance {unknown}
 s - a potion of heal wounds {unknown}
 x - a potion of degeneration {unknown}
Comestibles
 d - 6 rations


   Skills:
 - Level 4.1 Fighting
 - Level 4.0 Short Blades
 - Level 6.1 Dodging
 - Level 5.5 Stealth
 + Level 3.0 Invocations
 - Level 1.1 Evocations


You had 6 spell levels left.
You didn't know any spells.
Your spell library contained the following spells:

 Spells                   Type           Power        Failure   Level  Hunger
 Animate Skeleton         Necr           N/A          26%         1    ##.....
 Pain                     Necr           #...         26%         1    ##.....
 Regeneration             Chrm/Necr      #.........   58%         3    ####...
 Vampiric Draining        Necr           #.........   58%         3    ####...
 Animate Dead             Necr           N/A          94%         4    #####..


Dungeon Overview and Level Annotations

Branches:
Dungeon (5/15)             Temple (1/1) D:4

Altars:
Cheibriados
Dithmenos
Makhleb
Qazlal
Ru
Trog

Annotations:
D:3 Sigmund
D:5 exclusion: centaur


Innate Abilities, Weirdness & Mutations

You cannot wear most types of armour.
You are very stealthy in the water. (Stealth+)
You are amphibious.
You can wear up to eight rings at the same time.
You can use your tentacles to constrict eight enemies at once.
Your skin changes colour to match your surroundings (Stealth+).
Your rubbery body absorbs attacks. (AC +1, EV +1)


Message History

You miss the goblin. You grab the goblin.
The goblin is severely wounded.
You constrict the goblin.
You kill the goblin!
Makhleb accepts your kill.
The goblin hits you with a +0 dagger. x2
You completely miss the goblin. You grab the goblin. You constrict the goblin.
The goblin hits you with a +0 dagger. x2; The goblin closely misses you.
You hit the goblin.
The goblin is severely wounded.
You constrict the goblin.
You kill the goblin!
Makhleb accepts your kill. The goblin hits you with a +0 dagger.
The goblin barely misses you.
You miss the goblin. Your grab misses the goblin. The goblin misses you.
The goblin hits you with a +0 dagger.
You hit the goblin. Your grab misses the goblin.
The goblin is heavily wounded.
The goblin hits you but does no damage.
You closely miss the goblin. Your grab misses the goblin.
The goblin is heavily wounded.
The goblin hits you but does no damage. The goblin barely misses you.
The goblin hits you with a +0 club.
You hit the goblin.
You kill the goblin!
Makhleb accepts your kill. The goblin hits you but does no damage.
The goblin barely misses you.
You puncture the goblin!
You kill the goblin!
Makhleb accepts your kill.
You feel better. The goblin closely misses you.
The goblin hits you with a +0 dagger.
You barely miss the goblin. Your grab misses the goblin.
The goblin hits you with a +0 dagger. x2; The goblin barely misses you.
You are too injured to fight recklessly!
You miss the goblin. Your grab misses the goblin. You squeeze the goblin.
You kill the goblin!
Makhleb accepts your kill.
You feel better. The goblin hits you with a +0 dagger.
The goblin barely misses you. The goblin hits you with a +0 dagger.
The goblin misses you.
You are too injured to fight recklessly!
The goblin closely misses you.
You hit the goblin.
You kill the goblin!
Makhleb accepts your kill.
You barely miss the goblin. Your grab misses the goblin.
The ogre hits you with a +0 giant club!!
Ouch! That really hurt!
You die...

#...........................
#...........................
#........................... ###
#........................... ..#
#........................... ..#
#........................... ..#
#........................... ..##
#..........)O.g.............
..+..#..........@8≈..............
..##.#..........g≈...............
..##.#...........................
..##.####..≈......(...≈.)########
..........≈≈..........≈≈..##
##.........................#
#.........................#
##.............####........# ####
.......≈......## ##.......# #...


You could see an ogre and 2 goblins.

Vanquished Creatures
  2 sky beasts (D:5)
  A phantom (D:4)
  An ogre (D:5)
  A scorpion (D:4)
  An orc priest (D:4)
  2 jellies (D:5)
  An orc wizard (D:3)
  2 worker ants (D:5)
  4 gnolls (D:2)
  6 adders
  An adder skeleton (D:4)
  4 worms (D:2)
  A dart slug (D:2)
  3 leopard geckos
  12 orcs
  9 bats
  3 giant cockroaches (D:1)
  21 goblins
  3 hobgoblins
  11 jackals
  2 quokkas (D:2)
  A ball python (D:3)
  3 frilled lizards
  4 kobolds
  8 rats
107 creatures vanquished.

Notes
Turn   | Place    | Note
-------+----------+-------------------------------------------
     0 | D:1      | Flugkiller the Octopode Wanderer began the quest for the
                  | Orb.
     0 | D:1      | Flugkiller set off with the following items: a +2 short
                  | sword, 2 scrolls of teleportation, a +0 dagger, a ration
     0 | D:1      | Reached XP level 1. HP: 14/14 MP: 1/1
   106 | D:1      | Reached XP level 2. HP: 4/20 MP: 2/2
   839 | D:1      | Reached XP level 3. HP: 26/26 MP: 3/3
   982 | D:1      | Reached skill level 2 in Dodging
  1546 | D:2      | Found a burning altar of Makhleb.
  1595 | D:2      | Reached skill level 3 in Dodging
  1595 | D:2      | Reached XP level 4. HP: 23/31 MP: 4/4
  1671 | D:2      | Became a worshipper of Makhleb the Destroyer
  2096 | D:2      | Noticed a moth of wrath
  2098 | D:2      | Found a bloodstained altar of Trog.
  2135 | D:2      | Reached skill level 1 in Invocations
  2482 | D:2      | You fall into a shaft and drop 1 floor!
  2491 | D:3      | Reached XP level 5. HP: 36/36 MP: 6/6
  2685 | D:3      | Noticed Sigmund
  2946 | D:2      | Reached * piety under Makhleb
  3203 | D:3      | Reached skill level 4 in Dodging
  3320 | D:4      | Reached XP level 6. HP: 34/42 MP: 6/8
  3410 | D:4      | Noticed a phantom
  3597 | D:4      | Killed a phantom
  3597 | D:4      | Reached skill level 5 in Stealth
  3665 | D:4      | Found a staircase to the Ecumenical Temple.
  3711 | Temple   | Entered the Ecumenical Temple
  3934 | D:5      | Entered Level 5 of the Dungeon
  4390 | D:5      | Reached ** piety under Makhleb
  4390 | D:5      | Reached XP level 7. HP: 47/47 MP: 9/9
  4626 | D:5      | Reached skill level 5 in Dodging
  5156 | D:5      | Reached skill level 6 in Dodging
  5498 | D:5      | Slain by an ogre

Levels and vault maps discovered:
D:1:      nagdon_arrival_zigzag_paths, layout_basic
D:2:      layout_basic, tgw_trog, bloody_makhleb
D:3:      layout_basic, uniq_sigmund
D:4:      layout_basic, temple_doors_ab, first_ration
D:5:      layout_basic, kennysheep_decorative_pillar, minmay_ogre_servants
Temple:   compressed_dpeg_circular_temple

Skill      XL: |  1  2  3  4  5  6  7 |
---------------+----------------------+-----
Fighting       | 3 4 |  4.1
Dodging        | 3 4 6 |  6.1
Invocations    | 1 2 3 |  3.0
Stealth        | 4 5 |  5.5
Short Blades   | |  4.0
Evocations     | |  1.1

Action                   |  1- 3 |  4- 6 |  7- 9 || total
-------------------------+-------+-------+-------++-------
Melee: Short sword       |    72 |   145 |    27 ||   244
       Constrict         |    15 |    31 |     2 ||    48
       Tentacles         |    12 |    29 |     5 ||    46
Invok: Minor Destruction |       |       |    14 ||    14
Evoke: Wand              |       |     1 |       ||     1
  Use: Scroll            |     1 |       |       ||     1
 Stab: Sleeping          |     9 |    15 |     4 ||    28
  Eat: Chunk             |     2 |     9 |       ||    11
       Ration            |       |       |     1 ||     1
Armor: Skin              |     4 |    10 |     2 ||    16
Dodge: Dodged            |    55 |   104 |    23 ||   182

Table legend:
 A = Non-vault XP
 B = Vault XP
 C = Vault XP percentage of total XP
 D = Non-vault monster count
 E = Vault monster count
 F = Vault count percentage of total count
                 A         B        C        D         E       F
            +---------+---------+-------+---------+---------+-------
      Total |    1108 |      29 |   2.6 |      96 |      11 |  10.3
            +---------+---------+-------+---------+---------+-------
        D:1 |      44 |       0 |   0.0 |      26 |       0 |   0.0
        D:2 |     113 |      17 |  13.1 |      20 |       5 |  20.0
        D:3 |     104 |       0 |   0.0 |      27 |       0 |   0.0
        D:4 |     283 |       0 |   0.0 |      11 |       0 |   0.0
        D:5 |     561 |      12 |   2.1 |      11 |       6 |  35.3
     Temple |       3 |       0 |   0.0 |       1 |       0 |   0.0
            +---------+---------+-------+---------+---------+-------
